 Dungeon Crawl Stone Soup version 0.30.1-11-g7821555f0a (webtiles) character file.

Game seed: 4516770484893758835

557 lonewolfV2 the Fighter (level 7, -6/71 HPs)
             Began as a Minotaur Fighter on Nov 10, 2023.
             Killed from afar by a steam dragon (20 damage)
             ... with a ball of steam
             ... on level 5 of the Dungeon.
             The game lasted 00:05:21 (3465 turns).

lonewolfV2 the Fighter (Minotaur Fighter)           Turns: 3465, Time: 00:05:22

Health: -6/71      AC:  8    Str: 20    XL:     7   Next: 9%
Magic:  6/6        EV:  9    Int:  5    God:
Gold:   157        SH:  4    Dex: 12    Spells: 6/6 levels left

rFire   . . .        a - +1 war axe
rCold   + . .        c - +0 buckler
rNeg    . . .        b - +0 scale mail
rPois   +            (helmet restricted)
rElec   .            (no cloak)
rCorr   .            d - +0 pair of gloves
SInv    .            (no boots)
Will    .....        (no amulet) Stlth
                     n - ring of poison resistance
HPRegen 0.31/turn    j - ring of protection from cold
MPRegen 0.10/turn

%: no passive effects
@: no status effects
A: horns 2, retaliatory headbutt
a: no special abilities


You were on level 5 of the Dungeon.
You visited 1 branch of the dungeon, and saw 5 of its levels.

You collected 157 gold pieces.

Inventory:

Hand Weapons
 a - a +1 war axe (weapon)
Missiles
 q - a throwing net (quivered)
Armour
 b - a +0 scale mail (worn)
 c - a +0 buckler (worn)
 d - a +0 pair of gloves (worn)
Jewellery
 j - a ring of protection from cold (right hand)
 n - a ring of poison resistance (left hand)
 o - a ring of protection from cold
Wands
 m - a wand of mindburst (10)
Scrolls
 e - 3 scrolls of fear
 f - a scroll of fog
Potions
 g - a potion of haste {unknown}
 h - 2 potions of mutation
 i - a potion of ambrosia
 k - a potion of heal wounds
 l - a potion of lignification {unknown}
 r - a potion of degeneration {unknown}


   Skills:
 * Level 9.8 Fighting
 - Level 2.4 Axes
 - Level 3.6 Armour
 - Level 3.6 Shields


You had 6 spell levels left.
You didn't know any spells.
Your spell library contained the following spells:

 Spells                   Type           Power      Damage    Failure   Level
 Kiss of Death            Conj/Necr      0%         2d5       88%         1
 Confusing Touch          Hex            0%         N/A       99%         3
 Vhi's Electric Charge    Tloc/Air       0%         N/A       99%         3
 Dispel Undead            Necr           0%         3d6       100%        4
 Arcjolt                  Conj/Air       0%         1d10      100%        5
 Plasma Beam              Fire/Air       0%         2x1d11    100%        6


Dungeon Overview and Level Annotations

Branches:
Dungeon (5/15)
 Temple: D:4-7

Altars:
Dithmenos
Sif Muna
Trog


Innate Abilities, Weirdness & Mutations

You have a pair of horns on your head.
You reflexively headbutt those who attack you in melee.


Message History

The ice beast hits you but does no damage.
The orc shouts!
You slash the ice beast!
You kill the ice beast!
You feel sick.
You are no longer poisoned.
You hear an angry hiss.
The orc barely misses you.
The orc wizard mumbles some strange words.
The orc wizard flickers and vanishes!
Deactivating autopickup; reactivate with Ctrl-A.
You have reached level 7!
A steam dragon comes into view.
The steam dragon hisses angrily.
The orc barely misses you. The orc hits you but does no damage.
You slash the orc!
You kill the orc!
You slash the orc!
You kill the orc!
Something hits you but does no damage.
You miss something. The steam dragon breathes steam at you.
The ball of steam hits something!!
Reactivating autopickup.
The ball of steam hits you! You block the orc's attack.
You are engulfed in a cloud of scalding steam.
The steam dragon breathes steam at you. The ball of steam hits you!
The orc hits you with a +0 trident.
* * * LOW HITPOINT WARNING * * *
Items here: ))) [[ †.
You slash the steam dragon!
The steam dragon is moderately wounded.
You slash the orc!
You kill the orc!
You are engulfed in a cloud of scalding steam.
* * * LOW HITPOINT WARNING * * *
The steam dragon breathes steam at you. The ball of steam hits you!!
You die...

..............
.............
............
......... ...
....... ... #....
..## #.)D# .... #@#
..# ##§##.## ######
#§§§)..# #<...#
###..###
####.#######......#
#.#.....##.##.##
#.......#......#
#.......#.####.#
#.......#......#


You could see a steam dragon (catching breath).

Vanquished Creatures
  Pargi (D:4)
  An ice beast (D:5)
  A phantom (D:4)
  An orc priest (D:3)
  A jelly (D:4)
  An iguana (D:4)
  3 gnolls (D:3)
  6 adders
  An ufetubus (D:5)
  3 worms
  13 orcs
  7 ball pythons
  7 bats
  7 endoplasms
  3 giant cockroaches
  8 goblins
  10 hobgoblins
  7 jackals
  11 kobolds
  2 quokkas
  4 frilled lizards
  10 rats
108 creatures vanquished.

Vanquished Creatures (others)
  An orc wizard (D:5)
1 creature vanquished.

Grand Total: 109 creatures vanquished

Notes
Turn   | Place    | Note
-------+----------+-------------------------------------------
     0 | D:1      | lonewolfV2 the Minotaur Fighter began the quest for the
                  | Orb.
     0 | D:1      | Reached XP level 1. HP: 19/19 MP: 0/0
    14 | D:1      | Reached skill level 4 in Fighting
    33 | D:1      | Reached XP level 2. HP: 28/28 MP: 1/1
   291 | D:1      | Reached skill level 5 in Fighting
   581 | D:1      | Reached XP level 3. HP: 36/36 MP: 2/2
  1130 | D:2      | Reached XP level 4. HP: 44/44 MP: 3/3
  1154 | D:2      | Reached skill level 6 in Fighting
  1400 | D:2      | Found a shimmering blue altar of Sif Muna.
  2043 | D:3      | Reached skill level 7 in Fighting
  2043 | D:3      | Reached XP level 5. HP: 47/52 MP: 4/4
  2339 | D:3      | Found a bloodstained altar of Trog.
  2684 | D:4      | Found a shadowy altar of Dithmenos.
  2845 | D:4      | Noticed a phantom
  2850 | D:4      | Noticed Pargi
  2852 | D:4      | Reached skill level 8 in Fighting
  2861 | D:4      | Killed Pargi
  2861 | D:4      | Killed a phantom
  2862 | D:4      | Reached skill level 9 in Fighting
  2862 | D:4      | Reached XP level 6. HP: 22/63 MP: 5/5
  3393 | D:5      | Entered Level 5 of the Dungeon
  3448 | D:5      | Noticed an ice beast
  3458 | D:5      | Killed an ice beast
  3459 | D:5      | Reached XP level 7. HP: 58/71 MP: 6/6
  3459 | D:5      | Noticed a steam dragon
  3465 | D:5      | Killed from afar by a steam dragon

Illustrated notes

Levels and vault maps discovered:
D:1:      dpeg_arrival_ratfight, layout_basic, nrook_campfire,
          serial_park_tiny_2
D:2:      layout_loops_cross, basic_altar
D:3:      layout_basic, trog_hazing_becter, minivault_26
D:4:      layout_rooms, nicolae_dithmenos_the_darkroom, st_stairs_11, uniq_pargi
D:5:      gammafunk_cloud_chamber, layout_basic, gammafunk_ghost_hive,
          minmay_misc_feat_alley

Skill      XL: |  1  2  3  4  5 |
---------------+----------------+-----
Fighting       | 4 5 7 9 |  9.8
Axes           | |  2.4
Armour         | |  3.6
Shields        | |  3.6

Action                     |  1- 3 |  4- 6 |  7- 9 || total
---------------------------+-------+-------+-------++-------
  Melee: War axe           |    85 |   124 |     4 ||   213
         Headbutt          |    12 |    15 |       ||    27
    Use: Scroll            |     4 |     6 |       ||    10
         Potion            |       |     2 |       ||     2
 Armour: Scale mail        |    33 |    80 |     2 ||   115
  Dodge: Dodged            |    49 |   103 |     1 ||   153
  Block: Buckler           |    20 |    38 |     1 ||    59
